[Event "Titled Tuesday Blitz July 05 Late 2022"]
[White "Palchuk, Andrii"]
[Black "Bilych, Olexiy"]
[WhiteFideId "14176688"]
[BlackFideId "14156504"]
[WhiteElo "2338"]
[BlackElo "2189"]
[Result "0-1"]
[Round "10"]
[TimeControl "180+1"]
[Date "2022.07.05"]
[WhiteClock "0:00:01"]
[BlackClock "0:00:29"]

1. Nf3 d5 2. d4 Nf6 3. c4 e6 4. g3 Bb4+ 5. Nc3 dxc4 6. Bg2 b5 7. Ne5 Nd5 8. Bd2 c6 9. a4 O-O 10. O-O a5 11. Ne4 f6 12. Nf3 Bb7 13. Bxb4 axb4 14. Nc5 Qc8 15. Bh3 Re8 16. e4 Nc7 17. e5 f5 18. Ng5 g6 19. g4 Nba6 20. gxf5 exf5 21. Nce4 Nd5 22. Nd6 Qd7 23. Qf3 bxa4 24. Rxa4 c5 25. Nxb7 Qxb7 26. Bg2 Nac7 27. Rxa8 Rxa8 28. Ne6 Nxe6 29. Qxd5 Qxd5 30. Bxd5 Re8 31. dxc5 Kg7 32. c6 Nf4 33. Bf3 g5 34. Rc1 Rxe5 35. Kf1 Rc5 36. Rd1 c3 37. bxc3 bxc3 38. Rd7+ Kf6 39. Bd1 c2 40. Bxc2 Rxc2 41. c7 Rc1+ 0-1


[Site "https://www.chess.com"]

[Event "Titled Tuesday Blitz July 05 Late 2022"]
[White "Petrovic, Aleksa"]
[Black "Manukian, Artak"]
[WhiteFideId "967629"]
[BlackFideId "13301373"]
[WhiteElo "2185"]
[BlackElo "2433"]
[Result "0-1"]
[Round "10"]
[TimeControl "180+1"]
[Date "2022.07.06"]
[WhiteClock "0:00:27"]
[BlackClock "0:00:25"]

1. d4 d5 2. c4 dxc4 3. e3 e5 4. Bxc4 exd4 5. exd4 Nf6 6. Qb3 Qe7+ 7. Ne2 Qb4+ 8. Nbc3 Qxb3 9. Bxb3 c6 10. Bg5 Nbd7 11. O-O-O Bd6 12. Ng3 O-O 13. Nf5 Bb4 14. Nb1 Nb6 15. a3 Bxf5 16. axb4 Nfd5 17. Nc3 Nxb4 18. Be7 Nd3+ 19. Rxd3 Bxd3 20. Bxf8 Kxf8 21. Rd1 Bc4 22. Bxc4 Nxc4 23. d5 Rd8 24. dxc6 Rxd1+ 25. Kxd1 bxc6 26. Kc2 Ke7 27. Kb3 Ne5 28. f4 Ng4 29. h3 Ne3 30. g4 Kd6 31. Ne4+ Kd5 32. Ng5 f5 33. gxf5 h6 34. f6 gxf6 35. Nh7 f5 36. Nf6+ Kd4 37. h4 Nd5 38. Ng8 h5 39. Nh6 Ke4 40. Kc4 Nxf4 41. Kc5 Nd3+ 42. Kxc6 Nxb2 43. Ng8 Ke5 44. Ne7 f4 45. Ng6+ Kf5 46. Ne7+ Kg4 47. Nd5 f3 48. Kb5 f2 49. Kb4 Kxh4 50. Ne3 Kg3 51. Kb3 Kf3 52. Nf1 Nd1 53. Nd2+ Ke2 54. Ne4 f1=Q 55. Ng3+ Ke1 0-1


[Site "https://www.chess.com"]

[Event "Titled Tuesday Blitz July 05 Late 2022"]
[White "Preotu, Razvan"]
[Black "Martinez Alcantara, Jose Eduardo"]
[WhiteFideId "2613280"]
[BlackFideId "3805662"]
[WhiteElo "2407"]
[BlackElo "2703"]
[Result "0-1"]
[Round "10"]
[TimeControl "180+1"]
[Date "2022.07.05"]
[WhiteClock "0:00:08"]
[BlackClock "0:00:20"]

1. e4 c5 2. Nf3 d6 3. d4 cxd4 4. Nxd4 Nf6 5. Nc3 Nc6 6. Bg5 e6 7. Qd2 a6 8. O-O-O Bd7 9. f4 Be7 10. Nf3 b5 11. Bxf6 gxf6 12. Kb1 b4 13. Ne2 h5 14. f5 e5 15. Nc1 Qb6 16. Bc4 Rc8 17. Qd3 a5 18. Rhg1 a4 19. g4 Na5 20. Bd5 hxg4 21. Rxg4 a3 22. Rg7 Rf8 23. Rdg1 Bb5 24. Qd2 axb2 25. Nd3 Nc4 26. Qxb4 Qa6 27. Rg8 Na3+ 28. Kxb2 Rxc2+ 29. Ka1 Rxa2+ 30. Kxa2 Nc2+ 31. Kb2 Nxb4 32. Nxb4 Qb6 33. Bxf7+ Kd8 34. Nd5 Qf2+ 35. Kc3 Qxf3+ 36. Kb4 Be8 37. Bxe8 Qxe4+ 0-1


[Site "https://www.chess.com"]

[Event "Titled Tuesday Blitz July 05 Late 2022"]
[White "Przybylski, Wojciech"]
[Black "Urbina Perez, Juan Antonio"]
[WhiteFideId "1117599"]
[BlackFideId "2217368"]
[WhiteElo "2133"]
[BlackElo "2192"]
[Result "1-0"]
[Round "10"]
[TimeControl "180+1"]
[Date "2022.07.06"]
[WhiteClock "0:00:35"]
[BlackClock "0:00:14"]

1. e4 e5 2. Nf3 Nf6 3. Nxe5 d6 4. Nf3 Nxe4 5. d4 d5 6. Bd3 Bd6 7. O-O O-O 8. c4 c6 9. cxd5 cxd5 10. Nc3 Nxc3 11. bxc3 Bg4 12. h3 Bh5 13. Rb1 b6 14. Rb5 Nc6 15. Be3 Ne7 16. Qb1 Bg6 17. Ne5 Rc8 18. Nxg6 hxg6 19. Bd2 Qc7 20. a4 Bf4 21. Be1 Rfe8 22. g3 Bd6 23. Kg2 Qd7 24. Bd2 Bb8 25. a5 bxa5 26. Rxa5 Nc6 27. Rc5 Ne7 28. Bb5 Nc6 29. Qa2 Re6 30. Rxd5 Qb7 31. Ba6 Qc7 32. Rc5 Rd8 33. d5 Red6 34. Rxc6 Rxc6 35. dxc6 Qxc6+ 36. Kg1 Qf3 37. Be1 Rd1 38. Be2 Qd5 39. c4 Qd4 40. Bxd1 Qxd1 41. Qd2 Qf3 42. Qd8+ Kh7 43. Qxb8 a5 44. Qf4 1-0


[Site "https://www.chess.com"]

[Event "Titled Tuesday Blitz July 05 Late 2022"]
[White "Reprintsev, Alexander"]
[Black "Yuan, Qingyu"]
[WhiteFideId "14100541"]
[BlackFideId "8609772"]
[WhiteElo "2108"]
[BlackElo "2359"]
[Result "0-1"]
[Round "10"]
[TimeControl "180+1"]
[Date "2022.07.06"]
[WhiteClock "0:00:40"]
[BlackClock "0:00:59"]

1. e4 c6 2. b3 d5 3. Qe2 dxe4 4. Nc3 g6 5. Bb2 Bg7 6. O-O-O Nf6 7. Nxe4 O-O 8. h4 Nbd7 9. h5 Nxh5 10. Bxg7 Kxg7 11. Qe3 Ndf6 12. Nxf6 exf6 13. Be2 Re8 14. Qc3 Nf4 15. Bf3 h5 16. Nh3 Bxh3 17. gxh3 Qd6 18. h4 Re2 19. Rhf1 Rae8 20. Kb1 R2e7 21. Rg1 Re6 22. a4 b6 23. Kb2 Nd5 24. Bxd5 Qxd5 25. f4 Re4 26. Rgf1 c5 27. d3 Re2 28. a5 b5 29. d4 c4 30. f5 R8e3 31. Qb4 Rxb3+ 32. Qxb3 cxb3 0-1


[Site "https://www.chess.com"]

[Event "Titled Tuesday Blitz July 05 Late 2022"]
[White "Rustemov, Alexander"]
[Black "Olenik Campa, Rudi"]
[WhiteFideId "4119002"]
[BlackFideId "14633264"]
[WhiteElo "2735"]
[BlackElo "2066"]
[Result "1-0"]
[Round "10"]
[TimeControl "180+1"]
[Date "2022.07.05"]
[WhiteClock "0:00:18"]
[BlackClock "0:00:06"]

1. d4 g6 2. Nf3 Bg7 3. g3 d6 4. Bg2 Nf6 5. c4 O-O 6. O-O Nc6 7. Nc3 e5 8. dxe5 dxe5 9. Bg5 Be6 10. Qa4 Qc8 11. Rfd1 Nd7 12. Nd5 h6 13. Be3 Nb6 14. Qxc6 bxc6 15. Ne7+ Kh7 16. Nxc8 Raxc8 17. b3 f5 18. Rac1 Rfd8 19. h4 Bf6 20. Ne1 e4 21. Nc2 g5 22. hxg5 hxg5 23. Nb4 Bd7 24. Na6 Kg6 25. Nc5 Be5 26. g4 f4 27. Bxe4+ Kf6 28. Nxd7+ Rxd7 29. Rxd7 Nxd7 30. Bd2 c5 31. Ba5 Nb6 32. Rd1 Ke7 33. Kg2 Rd8 34. Rxd8 Kxd8 35. Bd2 Ke7 36. e3 fxe3 37. Bxe3 Kf6 38. Bxc5 Nc8 39. Kf3 Bd6 40. Bd4+ Be5 41. Be3 Nb6 42. Ke2 a5 43. Kd3 Nd7 44. c5 Bf4 45. Bxf4 gxf4 46. Kd4 Ne5 47. g5+ Ke6 48. g6 Ng4 49. f3 Nf6 50. Bd3 c6 51. Be4 Kd7 52. Ke5 Ne8 53. Kxf4 1-0


[Site "https://www.chess.com"]

[Event "Titled Tuesday Blitz July 05 Late 2022"]
[White "Salem, A.R. Saleh"]
[Black "Maghsoodloo, Parham"]
[WhiteFideId "9301348"]
[BlackFideId "12539929"]
[WhiteElo "2679"]
[BlackElo "2607"]
[Result "1-0"]
[Round "10"]
[TimeControl "180+1"]
[Date "2022.07.05"]
[WhiteClock "0:00:09"]
[BlackClock "0:00:03"]

1. d4 Nf6 2. c4 c6 3. Nc3 d5 4. Nf3 a6 5. Qc2 g6 6. Bg5 Bg7 7. cxd5 Nxd5 8. Rd1 h6 9. Bh4 Bf5 10. e4 Nxc3 11. bxc3 Bg4 12. Be2 Nd7 13. O-O O-O 14. e5 g5 15. Bg3 e6 16. h4 Bxf3 17. Bxf3 gxh4 18. Bf4 f6 19. Bg4 fxe5 20. Bxe6+ Kh8 21. Bxh6 Bxh6 22. dxe5 Qg5 23. Rxd7 Bg7 24. Bh3 Qxe5 25. Rxb7 Rad8 26. Rb4 Rf4 27. Rfb1 a5 28. Rxf4 Qxf4 29. Qe2 Qf7 30. Qe4 Bf6 31. Qf4 Qg6 32. Re1 Qg5 33. Qf3 Kg7 34. Qxc6 Qf4 35. Qb7+ Kh6 36. Qe4 Qxe4 37. Rxe4 Rd1+ 38. Kh2 Rd2 39. a4 Rxf2 40. Be6 Rc2 41. c4 Bd8 42. Kh3 Kg5 43. Re3 Bb6 44. Rf3 Rc1 45. Rf5+ Kg6 46. Kxh4 Re1 47. Bd7 Re4+ 48. Kh3 Rxc4 49. Rd5 Rc3+ 50. g3 Bc7 51. Bb5 Rxg3+ 52. Kh4 Rc3 53. Kg4 Kf6 54. Rf5+ Ke6 55. Rh5 Be5 56. Rh6+ Kd5 57. Rh5 Kd4 58. Kf5 Rf3+ 59. Ke6 Rf6+ 60. Ke7 Rg6 61. Kf7 Rb6 62. Rh4+ Kd5 63. Rh5 Rb7+ 64. Kg6 Rg7+ 65. Kf5 Rf7+ 66. Kg6 Rf2 67. Rh3 Bd4 68. Rh5+ Ke6 69. Bc4+ Ke7 70. Rh7+ Kd6 71. Rh5 Be5 72. Bb5 Rf6+ 73. Kg5 Rf2 74. Rh6+ Kd5 75. Ra6 Bc3 76. Kg4 Ke4 77. Re6+ Be5 78. Bc6+ Kd4 79. Bb5 Rg2+ 80. Kf3 Rg3+ 81. Kf2 Ra3 82. Re8 Rc3 83. Re7 Ke4 84. Kg2 Rc2+ 85. Kh3 Rh2+ 86. Kg4 Rg2+ 87. Kh5 Kf4 88. Kh6 Rg3 89. Rf7+ Ke4 90. Bc6+ Kd4 91. Rf5 Rc3 92. Bb5 Ke4 93. Rh5 Rg3 94. Rh4+ Bf4+ 95. Kh7 Kf5 96. Bd7+ Ke5 97. Bb5 Rg1 98. Bd7 Kf6 99. Rxf4+ Ke7 100. Bb5 Rg5 101. Kh6 Rc5 102. Kg6 Kd6 103. Rf6+ Kc7 104. Rf5 Rc1 105. Kf6 Kb6 106. Re5 Rh1 107. Re6+ Kc5 108. Rc6+ Kb4 109. Rc4+ Kb3 110. Rd4 Rc1 111. Ke5 Rc8 112. Kd6 Rc1 113. Kd5 Rc8 114. Rf4 Ka3 115. Rc4 Rb8 116. Kc5 Kb3 117. Rg4 Ka3 118. Rg3+ Kb2 119. Rf3 Ka2 120. Kc6 Kb2 121. Kc7 1-0


[Site "https://www.chess.com"]

[Event "Titled Tuesday Blitz July 05 Late 2022"]
[White "Samsonkin, Artiom"]
[Black "Hardaway, Brewington"]
[WhiteFideId "13503111"]
[BlackFideId "30941849"]
[WhiteElo "2513"]
[BlackElo "1813"]
[Result "0-1"]
[Round "10"]
[TimeControl "180+1"]
[Date "2022.07.05"]
[WhiteClock "0:00:01"]
[BlackClock "0:00:55"]

1. d4 Nf6 2. Bf4 g6 3. Nc3 d5 4. Qd2 Bg7 5. Nf3 O-O 6. Bh6 Nbd7 7. Bxg7 Kxg7 8. Ne5 Nxe5 9. dxe5 Ne4 10. Nxe4 dxe4 11. Qc3 f5 12. Rd1 Qe8 13. e3 Be6 14. Bc4 Bxc4 15. Qxc4 Rd8 16. Qxc7 Rxd1+ 17. Kxd1 Qf7 18. b3 Qe6 19. Kc1 Rc8 20. Qxb7 Qxe5 21. Qxc8 Qa1+ 22. Kd2 Qxh1 23. Qc7 Kf7 24. g3 Qxh2 25. Qf4 e5 26. Qxe5 Qxf2+ 27. Kc1 Qxe3+ 28. Kb2 Qb6 29. c4 Qf6 30. Qxf6+ Kxf6 31. b4 h5 32. a4 f4 33. gxf4 h4 0-1


[Site "https://www.chess.com"]

[Event "Titled Tuesday Blitz July 05 Late 2022"]
[White "Barria Santos, Jose Guilherme"]
[Black "Domingo Nunez, Ruben"]
[WhiteFideId "1939300"]
[BlackFideId "22245570"]
[WhiteElo "2263"]
[BlackElo "2373"]
[Result "1-0"]
[Round "10"]
[TimeControl "180+1"]
[Date "2022.07.05"]
[WhiteClock "0:00:25"]
[BlackClock "0:00:16"]

1. d4 g6 2. c4 Bg7 3. Nc3 d6 4. e4 Nd7 5. Be2 e5 6. Nf3 Ne7 7. O-O O-O 8. d5 a5 9. a3 Nc5 10. Be3 f5 11. Ng5 h6 12. Bxc5 hxg5 13. Be3 g4 14. Bg5 Bf6 15. Qd2 f4 16. Bxf6 Rxf6 17. c5 dxc5 18. f3 gxf3 19. Bxf3 g5 20. Qe2 Qd7 21. h3 Qd6 22. Bg4 Kg7 23. Nb5 Qb6 24. a4 Ng8 25. Bxc8 Rxc8 26. Qg4 Re8 27. Qxg5+ Rg6 28. Qh4 Nf6 29. Qe1 Rh8 30. Rf3 c6 31. Nd6 Qxb2 32. Nf5+ Kf8 33. Rf2 Qb4 34. dxc6 bxc6 35. Rd2 Kf7 36. Rb1 Qxe4 37. Nd6+ Ke6 38. Nxe4 1-0


[Site "https://www.chess.com"]

[Event "Titled Tuesday Blitz July 05 Late 2022"]
[White "Shimanov, Aleksandr"]
[Black "Vasquez Schroeder, Rodrigo"]
[WhiteFideId "4198603"]
[BlackFideId "3400042"]
[WhiteElo "2605"]
[BlackElo "2567"]
[Result "0-1"]
[Round "10"]
[TimeControl "180+1"]
[Date "2022.07.05"]
[WhiteClock "0:00:01"]
[BlackClock "0:00:20"]

1. e4 c6 2. d4 d5 3. exd5 cxd5 4. Nf3 Nc6 5. Ne5 Nf6 6. Bb5 Bd7 7. Bxc6 Bxc6 8. O-O Rc8 9. c3 e6 10. Bg5 Be7 11. Nd2 Bb5 12. Re1 O-O 13. Re3 h6 14. Bh4 Be8 15. Rg3 Kh8 16. Rh3 Nh7 17. Bxe7 Qxe7 18. Qe2 f6 19. Nd3 Bf7 20. Re3 Rfe8 21. Re1 Rc6 22. Nf4 Qd7 23. Qg4 g5 24. Nd3 b6 25. f4 Bg6 26. Qf3 Kg7 27. g4 Rcc8 28. h4 Bxd3 29. Rxd3 gxh4 30. Rde3 Nf8 31. Qf2 Ng6 32. Rf1 f5 33. gxf5 exf5 34. Nf3 Re4 35. Ne5 Qe6 36. Kh2 Kh7 37. Rxe4 dxe4 38. Rg1 Rg8 39. Nxg6 Rxg6 40. Qxh4 e3 41. Rxg6 Kxg6 42. Qg3+ Kf7 43. Kg2 e2 44. Qe1 Qe3 45. d5 Ke7 46. c4 a5 47. b3 Kd6 48. a3 Kc5 49. b4+ Kxc4 50. d6 Kd3 51. Qc1 Qxc1 0-1


[Site "https://www.chess.com"]

[Event "Titled Tuesday Blitz July 05 Late 2022"]
[White "Sibilio, Mario"]
[Black "Jorajuria Mendoza, Algol"]
[WhiteFideId "800422"]
[BlackFideId "5128897"]
[WhiteElo "2296"]
[BlackElo "1600"]
[Result "1-0"]
[Round "10"]
[TimeControl "180+1"]
[Date "2022.07.06"]
[WhiteClock "0:00:03"]
[BlackClock "0:00:03"]

1. Nf3 Nf6 2. c4 e6 3. Nc3 d5 4. d4 Bb4 5. Bg5 O-O 6. e3 h6 7. Bh4 c5 8. cxd5 exd5 9. Rc1 g5 10. Bg3 Nc6 11. Bb5 Bg4 12. a3 Bxc3+ 13. bxc3 Ne4 14. O-O Qf6 15. Bxc6 bxc6 16. dxc5 Nxg3 17. hxg3 Bxf3 18. gxf3 Rab8 19. Kg2 Rb2 20. Qd4 Kg7 21. e4 Rd8 22. e5 Qe6 23. f4 Rdb8 24. Rh1 f6 25. fxg5 fxg5 26. Rh5 Rf8 27. Rf1 Rf5 28. g4 Rxe5 29. Kg3 Rb3 30. f4 gxf4+ 31. Rxf4 1-0


[Site "https://www.chess.com"]

[Event "Titled Tuesday Blitz July 05 Late 2022"]
[White "Silvestre, Christian"]
[Black "Martins, Bruno Andre Leite"]
[WhiteFideId "30956269"]
[BlackFideId "1942255"]
[WhiteElo "2351"]
[BlackElo "2282"]
[Result "1-0"]
[Round "10"]
[TimeControl "180+1"]
[Date "2022.07.06"]
[WhiteClock "0:00:11"]
[BlackClock "0:00:02"]

1. e4 c5 2. Nc3 d6 3. Bc4 a6 4. a3 e6 5. d3 Nc6 6. f4 Be7 7. Nf3 Nf6 8. O-O b5 9. Ba2 Qc7 10. Kh1 Bd7 11. Be3 Ng4 12. Bg1 h5 13. Ne2 Bf6 14. c3 a5 15. d4 b4 16. axb4 cxb4 17. c4 e5 18. fxe5 dxe5 19. d5 Nd8 20. c5 Bb5 21. d6 Qd7 22. Bd5 Nc6 23. Re1 a4 24. Ng3 g6 25. Nd2 h4 26. Ngf1 h3 27. g3 Rb8 28. Nc4 Bd8 29. Nce3 Nxe3 30. Nxe3 Nd4 31. Nc4 Bf6 32. Nxe5 Bxe5 33. Bxd4 Bxd4 34. Qxd4 O-O 35. Qf6 Qg4 36. Qf4 Qd7 37. Re3 Rbe8 38. e5 Bc6 39. Qe4 Bxd5 40. Qxd5 Rc8 41. Rc1 a3 42. bxa3 bxa3 43. Rxa3 Rfe8 44. Re3 Qb5 45. Rd3 Rcd8 46. c6 Qb2 47. Rcd1 Rxe5 48. c7 Rf8 49. Qf3 1-0


[Site "https://www.chess.com"]

[Event "Titled Tuesday Blitz July 05 Late 2022"]
[White "So, Wesley"]
[Black "Makarian, Rudik"]
[WhiteFideId "5202213"]
[BlackFideId "44105681"]
[WhiteElo "2763"]
[BlackElo "2403"]
[Result "1-0"]
[Round "10"]
[TimeControl "180+1"]
[Date "2022.07.05"]
[WhiteClock "0:00:44"]
[BlackClock "0:00:02"]

1. d4 Nf6 2. c4 g6 3. f3 Bg7 4. e4 d6 5. Nc3 Nbd7 6. Nge2 a6 7. Be3 O-O 8. Qd2 b5 9. cxb5 axb5 10. Nxb5 c6 11. Nbc3 e5 12. dxe5 Nxe5 13. Nf4 g5 14. Nd3 Nc4 15. Qf2 Nxe3 16. Qxe3 Qa5 17. Be2 Ba6 18. O-O Rab8 19. Rab1 Nd7 20. Rfc1 Bxd3 21. Bxd3 Nc5 22. Kh1 Ne6 23. Bc4 Qe5 24. Qd2 Rfd8 25. b4 d5 26. exd5 cxd5 27. Nxd5 Nf4 28. Rd1 Rd7 29. Nf6+ Qxf6 30. Qxd7 h5 31. Rd6 Qc3 32. Qxf7+ Kh7 33. Bd3+ Nxd3 34. Qf5+ Kh8 35. Qxd3 Rxb4 36. Rd8+ Bf8 37. Qxc3+ 1-0


[Site "https://www.chess.com"]

[Event "Titled Tuesday Blitz July 05 Late 2022"]
[White "Storme, Isak"]
[Black "Madaminov, Mukhiddin"]
[WhiteFideId "1728113"]
[BlackFideId "14210703"]
[WhiteElo "2205"]
[BlackElo "2011"]
[Result "1-0"]
[Round "10"]
[TimeControl "180+1"]
[Date "2022.07.05"]
[WhiteClock "0:00:50"]
[BlackClock "0:00:01"]

1. Nf3 Nf6 2. b3 g6 3. Bb2 Bg7 4. g3 O-O 5. Bg2 d6 6. d4 Nbd7 7. O-O Rb8 8. c4 c6 9. Nbd2 Re8 10. b4 e5 11. dxe5 dxe5 12. Ng5 Qe7 13. a3 Nb6 14. c5 Nbd5 15. Nc4 Nd7 16. Ne4 b5 17. Ncd6 Rf8 18. Nc3 N7f6 19. Nxd5 Nxd5 20. Bxd5 cxd5 21. Qxd5 Be6 22. Qe4 f5 23. Qc2 f4 24. Qe4 Bh3 25. Rfd1 fxg3 26. hxg3 Qf6 27. f3 Qg5 28. g4 Qh4 29. Bxe5 h5 30. Qxg6 Rf6 31. Qxg7+ Kxg7 32. Nf5+ Kf7 33. Nxh4 Re6 34. Bxb8 Rxe2 35. Re1 Rc2 36. Rac1 Ra2 37. c6 hxg4 38. fxg4 1-0


[Site "https://www.chess.com"]

[Event "Titled Tuesday Blitz July 05 Late 2022"]
[White "Swiercz, Dariusz"]
[Black "Poltorak, Sebastian"]
[WhiteFideId "1126881"]
[BlackFideId "1199498"]
[WhiteElo "2627"]
[BlackElo "2104"]
[Result "1-0"]
[Round "10"]
[TimeControl "180+1"]
[Date "2022.07.05"]
[WhiteClock "0:00:18"]
[BlackClock "0:00:12"]

1. d4 Nf6 2. c4 g6 3. Nc3 d5 4. cxd5 Nxd5 5. e4 Nxc3 6. bxc3 Bg7 7. Be3 c5 8. Rc1 Qa5 9. Qd2 cxd4 10. cxd4 Qxd2+ 11. Bxd2 O-O 12. Nf3 e6 13. Bb5 Rd8 14. Bg5 f6 15. Be3 a6 16. Ba4 Nc6 17. Bxc6 bxc6 18. O-O Bd7 19. Rb1 Rab8 20. Bf4 Rb5 21. a4 Rxb1 22. Rxb1 c5 23. dxc5 Bxa4 24. Bd6 Bb5 25. Nd4 e5 26. Nxb5 axb5 27. f3 Bf8 28. Bxf8 Kxf8 29. Rxb5 Rd2 30. Rb6 Kg7 31. Rb7+ Kh6 32. Rf7 Rc2 33. Rxf6 Rxc5 34. Kf2 Kg7 35. Rd6 h5 36. Kg3 Rc7 37. Re6 Rc5 38. Kh4 Kh6 39. Rd6 Rc7 40. Kg3 Kg5 41. h4+ Kh6 42. Re6 Rc5 43. Re7 Rb5 44. Kh3 Rc5 45. Kh2 Rb5 46. Kg3 Rc5 47. Kf2 Rb5 48. g4 hxg4 49. fxg4 Rb2+ 50. Kf3 Rb3+ 51. Ke2 Rb2+ 52. Kd3 Rg2 53. g5+ Kh5 54. Rxe5 Kxh4 55. Kd4 Kg4 56. Kd5 Kf4 57. Ke6 Rxg5 58. Rxg5 Kxg5 59. e5 Kf4 60. Kf6 g5 61. e6 g4 62. e7 g3 63. e8=Q g2 64. Qe1 Kf3 65. Qg1 Kg3 66. Kf5 Kf3 1-0


[Site "https://www.chess.com"]

[Event "Titled Tuesday Blitz July 05 Late 2022"]
[White "Tanenbaum, Zachary"]
[Black "Hansen, Eric"]
[WhiteFideId "2060850"]
[BlackFideId "2606771"]
[WhiteElo "2175"]
[BlackElo "2568"]
[Result "0-1"]
[Round "10"]
[TimeControl "180+1"]
[Date "2022.07.05"]
[WhiteClock "0:00:02"]
[BlackClock "0:00:12"]

1. e4 c5 2. Nf3 e6 3. d4 cxd4 4. Nxd4 Nc6 5. Nc3 a6 6. g3 d6 7. Bg2 Bd7 8. O-O Be7 9. Nxc6 Bxc6 10. Qg4 h5 11. Qe2 h4 12. Re1 Rc8 13. Bf4 Qa5 14. Rad1 hxg3 15. hxg3 Qh5 16. Qxh5 Rxh5 17. Bxd6 Bxd6 18. Rxd6 Ke7 19. Rd2 Rc5 20. e5 Nh6 21. Bxc6 R5xc6 22. Red1 R6c7 23. Ne4 Ng4 24. Nd6 Rh8 25. f4 g5 26. c3 gxf4 27. gxf4 Ne3 28. Re1 Rg8+ 29. Kf2 Nd5 30. Kf3 Rh8 31. Rg1 b5 32. Rdg2 Rh3+ 33. Rg3 Rxg3+ 34. Rxg3 Kf8 35. Rh3 Kg8 36. Ke4 Rc6 37. f5 Nf6+ 38. Kf4 Nd5+ 39. Kg5 f6+ 40. Kg6 fxe5 41. fxe6 Rxd6 42. Kf5 Nc7 43. e7 Re6 44. Re3 Kf7 45. Rxe5 Kxe7 46. Rxe6+ Nxe6 47. Ke5 Kd7 48. Kd5 Nf4+ 49. Kc5 Kc7 50. b3 Nd3+ 51. Kd4 Nc1 52. c4 b4 0-1


[Site "https://www.chess.com"]

[Event "Titled Tuesday Blitz July 05 Late 2022"]
[White "Tari, Aryan"]
[Black "Sanal, Vahap"]
[WhiteFideId "1510045"]
[BlackFideId "6300545"]
[WhiteElo "2612"]
[BlackElo "2574"]
[Result "1-0"]
[Round "10"]
[TimeControl "180+1"]
[Date "2022.07.05"]
[WhiteClock "0:00:16"]
[BlackClock "0:00:03"]

1. e4 c5 2. Nc3 Nc6 3. f4 d6 4. Nf3 Bg4 5. Bb5 e6 6. Bxc6+ bxc6 7. O-O g6 8. h3 Bxf3 9. Qxf3 Bg7 10. f5 Bd4+ 11. Kh1 Ne7 12. Ne2 Be5 13. d3 gxf5 14. exf5 exf5 15. Bg5 f6 16. Bh6 Rg8 17. c3 d5 18. d4 cxd4 19. cxd4 Bd6 20. Nf4 Bxf4 21. Bxf4 Ng6 22. Qh5 Qd7 23. Rae1+ Kf7 24. Bh2 Kg7 25. Rxf5 Rae8 26. Ref1 Re6 27. Qf3 Qe7 28. Bg3 Re3 29. Qg4 Re4 30. Qh5 Re6 31. h4 Kh8 32. Kh2 Nf8 33. Rxf6 Rxf6 34. Rxf6 Rxg3 35. Rxf8+ Qxf8 36. Kxg3 Qg7+ 37. Qg4 Qc7+ 38. Qf4 Qg7+ 39. Kh2 Qe7 40. h5 Kg8 41. h6 Qe2 42. Qg5+ Kf7 43. Qf5+ Ke8 44. Qc8+ Ke7 45. Qc7+ Kf8 46. Qg7+ Ke8 47. Qg8+ Kd7 48. Qxh7+ Kd6 49. Qg6+ Kc7 50. h7 Qe1 51. Qh6 1-0


[Site "https://www.chess.com"]

[Event "Titled Tuesday Blitz July 05 Late 2022"]
[White "Timofeev, Artyom"]
[Black "Leiva, Gianmarco"]
[WhiteFideId "4140419"]
[BlackFideId "3804399"]
[WhiteElo "2578"]
[BlackElo "2323"]
[Result "1-0"]
[Round "10"]
[TimeControl "180+1"]
[Date "2022.07.05"]
[WhiteClock "0:01:51"]
[BlackClock "0:00:16"]

1. e4 c5 2. Nc3 Nc6 3. Bb5 Nd4 4. Nf3 Nxb5 5. Nxb5 d6 6. d4 cxd4 7. Qxd4 a6 8. Nc3 e5 9. Qd3 h6 10. Nd2 Nf6 11. Nc4 Be6 12. Be3 Rc8 13. Nb6 Rc6 14. Nbd5 Bxd5 15. Nxd5 Nxd5 16. Qxd5 Qc8 17. c3 Qe6 18. O-O-O Qxd5 19. Rxd5 Be7 20. Rhd1 f6 21. a4 b6 22. Kc2 Kf7 23. b3 Ke6 24. c4 h5 25. Kd3 Bd8 26. b4 Rc8 27. Kc3 Bc7 28. Bxb6 Rhd8 29. Bxc7 Rxc7 30. c5 Rcd7 31. Kc4 h4 32. h3 f5 33. exf5+ Kxf5 34. Rxd6 Rxd6 35. Rxd6 1-0


[Site "https://www.chess.com"]

[Event "Titled Tuesday Blitz July 05 Late 2022"]
[White "Tokhirjonova, Gulrukhbegim"]
[Black "Tikhonov, Viacheslav"]
[WhiteFideId "14203626"]
[BlackFideId "44196407"]
[WhiteElo "2227"]
[BlackElo "1839"]
[Result "1-0"]
[Round "10"]
[TimeControl "180+1"]
[Date "2022.07.06"]
[WhiteClock "0:00:59"]
[BlackClock "0:00:09"]

1. e4 e6 2. d4 d5 3. e5 c5 4. c3 Qb6 5. Nf3 Nc6 6. a3 Nh6 7. b4 cxd4 8. cxd4 Nf5 9. Bb2 Bd7 10. Be2 Be7 11. O-O O-O 12. Bd3 Nh6 13. Nbd2 Rac8 14. Nb3 f5 15. exf6 Bxf6 16. Nc5 Qc7 17. Rc1 b6 18. Nxd7 Qxd7 19. Ba6 Rc7 20. Bb5 Qd6 21. Re1 Nf5 22. Qd3 Rfc8 23. Ba6 Re8 24. h3 Nb8 25. Bb5 Rec8 26. Rxc7 Rxc7 27. Ne5 Qe7 28. Ng4 Nd6 29. Ba4 Nc4 30. Bc1 h5 31. Nxf6+ Qxf6 32. Bc2 g5 33. Qg3 Rg7 34. Qxb8+ Qf8 35. Qxf8+ Kxf8 36. Rxe6 Rc7 37. Bxg5 Nxa3 38. Bg6 Nb5 39. Bh6+ Kg8 40. Re8# 1-0


[Site "https://www.chess.com"]

[Event "Titled Tuesday Blitz July 05 Late 2022"]
[White "Vakhlamov, Igor L."]
[Black "Wachinger, Nikolas"]
[WhiteFideId "24126748"]
[BlackFideId "12962791"]
[WhiteElo "2401"]
[BlackElo "2253"]
[Result "0-1"]
[Round "10"]
[TimeControl "180+1"]
[Date "2022.07.05"]
[WhiteClock "0:00:27"]
[BlackClock "0:00:39"]

1. e4 c5 2. Nf3 Nc6 3. Nc3 g6 4. Bb5 Bg7 5. O-O e5 6. Nd5 Nge7 7. c3 O-O 8. Re1 d6 9. a4 Nxd5 10. exd5 Ne7 11. d4 cxd4 12. cxd4 Nxd5 13. dxe5 dxe5 14. Nxe5 Be6 15. Nd7 Bxd7 16. Qxd5 Bxb5 17. Qxb5 Qc7 18. Be3 a6 19. Qb3 Rfc8 20. Rac1 Qd7 21. Rcd1 Qc6 22. h3 b5 23. axb5 Qxb5 24. Qxb5 axb5 25. Bd4 Rc2 26. Bxg7 Kxg7 27. Rd7 Rxb2 28. Ree7 Ra1+ 29. Kh2 Rxf2 30. Rb7 Raa2 31. Rxb5 Rxg2+ 32. Kh1 Rh2+ 33. Kg1 Rxh3 34. Rbb7 Rf3 35. Rbc7 h5 36. Rc4 Rf5 37. Re3 g5 38. Rb4 Kg6 39. Rb8 h4 40. Re4 Rff2 41. Rg8+ Kf5 42. Rb4 f6 43. Rb5+ Kg4 44. Rb4+ Rf4 45. Rb3 h3 46. Rh8 Rg2+ 47. Kh1 Rf1# 0-1


[Site "https://www.chess.com"]

[Event "Titled Tuesday Blitz July 05 Late 2022"]
[White "Vlassov, Nikolai"]
[Black "Mei, Austin"]
[WhiteFideId "4103360"]
[BlackFideId "30948479"]
[WhiteElo "2324"]
[BlackElo "1971"]
[Result "1-0"]
[Round "10"]
[TimeControl "180+1"]
[Date "2022.07.06"]
[WhiteClock "0:00:47"]
[BlackClock "0:00:31"]

1. e4 e5 2. Bc4 Nf6 3. d3 c6 4. Nf3 d5 5. Bb3 Bd6 6. Nc3 d4 7. Ne2 O-O 8. O-O b5 9. c3 dxc3 10. bxc3 a5 11. a4 b4 12. d4 Nxe4 13. dxe5 Bc5 14. cxb4 axb4 15. Ned4 Bg4 16. Be3 Nc3 17. Qd3 Bxf3 18. gxf3 Bxd4 19. e6 c5 20. exf7+ Kh8 21. Kh1 Nc6 22. Rg1 Ne5 23. Qf5 Qf6 24. Qxf6 gxf6 25. Bh6 Ng6 26. f4 Ne2 27. f5 Nxg1 28. Rxg1 Bxf2 29. fxg6 hxg6 30. Rxg6 Kh7 31. Rxf6 Bd4 32. Rc6 Ra7 33. Bxf8 c4 34. Bxc4 b3 35. Rh6# 1-0


[Site "https://www.chess.com"]

[Event "Titled Tuesday Blitz July 05 Late 2022"]
[White "Voege, Tobias"]
[Black "Dardha, Arben"]
[WhiteFideId "1270513"]
[BlackFideId "4700481"]
[WhiteElo "2379"]
[BlackElo "2196"]
[Result "1-0"]
[Round "10"]
[TimeControl "180+1"]
[Date "2022.07.06"]
[WhiteClock "0:00:13"]
[BlackClock "0:00:07"]

1. e4 c5 2. Nf3 Nc6 3. d4 cxd4 4. Nxd4 e5 5. Nb5 Nf6 6. N1c3 d6 7. Na3 Be6 8. Bg5 Be7 9. Nc4 O-O 10. Bxf6 gxf6 11. Ne3 Nd4 12. Bd3 Kh8 13. O-O Rg8 14. Kh1 Qd7 15. f4 f5 16. fxe5 fxe4 17. Bxe4 dxe5 18. Qh5 f5 19. Nxf5 Nxf5 20. Rxf5 Bd6 21. Rf6 Bg4 22. Qh4 Bb4 23. Bxh7 Qxh7 24. Rh6 Rg7 25. Rxh7+ Rxh7 26. Qxg4 Bxc3 27. bxc3 Rg8 28. Qe4 Rhg7 29. Qxe5 b5 30. Rf1 Rd8 31. h3 Kh7 32. Rf4 Rd2 33. Rh4+ Kg6 34. Rg4+ Kf7 35. Rxg7+ 1-0


[Site "https://www.chess.com"]